 Dungeon Crawl Stone Soup version 0.30-a0-55-g90e3122c3a (webtiles) character file.

Game seed: 7291588621905799224

195 gregharv the Chopper (level 5, -23/47 HPs)
             Began as a Hill Orc Berserker on Sept 10, 2022.
             Was an Initiate of Yredelemnul.
             Killed by an exploding Duvessa (36 damage)
             ... ignited by their inner flame
             ... on level 4 of the Dungeon.
             The game lasted 00:17:42 (1079 turns).

gregharv the Chopper (Hill Orc Berserker)           Turns: 1079, Time: 00:17:45

Health: -23/47     AC: 12    Str: 29    XL:     5   Next: 74%
Magic:  5/5        EV: 10    Int:  7    God:    Yredelemnul [......]
Gold:   71         SH:  0    Dex: 10    Spells: 4/4 levels left

rFire   . . .      SeeInvis +    a - +0 hand axe
rCold   . . .      Faith    .    (no shield)
rNeg    . . .      Spirit   .    c - +6 scale mail "Feta Lea" {Str+7 Slay+2 SInv Stlth-}
rPois   .          Reflect  .    (no helmet)
rElec   .          Harm     .    (no cloak)
rCorr   .          Rampage  .    (no gloves)
Will    .....                    (no boots)
Stlth   ..........               (no amulet)
HPRegen 0.15/turn                (no ring)
MPRegen 0.09/turn                (no ring)

@: no status effects
A: no striking features
a: Renounce Religion, Recall Undead Harvest


You were on level 4 of the Dungeon.
You worshipped Yredelemnul.
Yredelemnul was noncommittal.
You visited 1 branch of the dungeon, and saw 4 of its levels.

You collected 71 gold pieces.

Inventory:

Hand Weapons
 a - a +0 hand axe (weapon)
Armour
 b - a +0 animal skin
 c - the +6 scale mail "Feta Lea" (worn) {Str+7 Slay+2 SInv Stlth-}
   (You found it on level 2 of the Dungeon)

   Str:       It affects your strength (+7).
   Slay:      It affects your accuracy & damage with ranged weapons and melee
   (+2).
   SInv:      It lets you see invisible.
   Stlth:     It makes you less stealthy.
Jewellery
 j - a ring of flight
Wands
 s - a wand of iceblast (4)
Scrolls
 d - 2 scrolls of teleportation {unknown}
 i - 2 scrolls of identify {unknown}
 k - a scroll of immolation
 p - a scroll of blinking {unknown}
Potions
 e - a potion of heal wounds {unknown}
 f - a potion of ambrosia {unknown}
 g - a potion of brilliance {unknown}
 h - a potion of degeneration {unknown}
 l - a potion of cancellation {unknown}
 m - 3 potions of curing {unknown}
 n - a potion of invisibility {unknown}
 o - 2 potions of lignification {unknown}
 q - a potion of might {unknown}
 r - a potion of mutation {unknown}


   Skills:
 + Level 4.9 Fighting
 + Level 6.7 Axes
 + Level 2.7 Armour
 + Level 1.9 Dodging
 + Level 0.7 Stealth


You had 4 spell levels left.
You didn't know any spells.
Your spell library contained the following spells:

 Spells                   Type           Power      Damage    Failure   Level
 Inner Flame              Hex/Fire       0%         N/A       96%         3
 Cause Fear               Hex            0%         N/A       100%        4
 Discord                  Hex            0%         N/A       100%        8


Dungeon Overview and Level Annotations

Branches:
Dungeon (4/15)
 Temple: D:4-7

Altars:
Cheibriados
Yredelemnul

Shops:
D:1 :


Message History

d - 2 scrolls labelled CESUTO SEABITRIMORR (gained 1)
You swap places.
There is a stone staircase leading up here.
You climb upwards.
Your mindless puppets stay behind to rot.
Found a whip.
Found a stone staircase leading down.
There is a stone staircase leading down here.
There is a stone staircase leading down here.
You climb downwards.
Duvessa shouts!
Found 2 scrolls labelled DYPAN QYOB and a scale mail.
There is a stone staircase leading up here.
You hit Duvessa.
Duvessa is lightly wounded.
Duvessa barely misses you.
You hit Duvessa.
Duvessa is moderately wounded.
Duvessa completely misses you.
You closely miss Duvessa.
Duvessa is moderately wounded.
You barely miss Dowan. Duvessa hits you with a +0 rapier.
Dowan hits you but does no damage.
As you read the scroll labelled CAODDO VUXZEH, it crumbles to dust.
The creatures around you are filled with an inner flame!
It was a scroll of immolation.
Duvessa barely misses you. Dowan misses you.
You barely miss Duvessa.
Duvessa is moderately wounded.
You slash Dowan!
Flame seeps out of Dowan.
Duvessa hits you but does no damage.
Dowan is engulfed in blazing flames.
Duvessa weeps, and shakes her weapon.
Duvessa goes berserk!
A black mist starts to gather...
Dowan explodes!
The fiery explosion engulfs you!!
* * * LOW HITPOINT WARNING * * *
The fiery explosion engulfs Duvessa!!!
A black mist starts to gather...
Duvessa explodes!
The fiery explosion engulfs you!!!
Ouch! That really hurt!
You die...
Your body rises from the dead as a mindless zombie.

###
#..###
#......
##.......
#
#@§§.....
#..#
#§○§.....
#...
#§§§Z....
.....
##Z...[..
.....
#...#..
...##
#### # #.
## . ..
.. ..


You could see the friendly Duvessa the spectral elf and the friendly Dowan the
spectral elf.

Vanquished Creatures
  Duvessa (D:4)
  A necrophage (D:3)
  Dowan (D:4)
  An iguana (D:4)
  Terence (D:3)
  An adder (D:3)
  A worm (D:2)
  3 dart slugs
  6 bats
  6 endoplasms
  4 giant cockroaches
  A goblin (D:2)
  5 hobgoblins
  4 quokkas
  10 ball pythons
  2 frilled lizards
  2 rats
50 creatures vanquished.

Vanquished Creatures (collateral kills)
  A worm (D:4)
  A goblin (D:3)
  A frilled lizard (D:3)
  A rat (D:3)
4 creatures vanquished.

Grand Total: 54 creatures vanquished

Notes
Turn   | Place    | Note
-------+----------+-------------------------------------------
     0 | D:1      | gregharv the Hill Orc Berserker began the quest for the
                  | Orb.
     0 | D:1      | Reached XP level 1. HP: 19/19 MP: 1/1
    76 | D:2      | Reached XP level 2. HP: 21/27 MP: 2/2
    85 | D:2      | Identified the +6 scale mail "Feta Lea" {Str+7 Slay+2 SInv
                  | Stlth-}
   271 | D:1      | Reached XP level 3. HP: 33/33 MP: 3/3
   427 | D:1      | Reached ** piety under Trog
   442 | D:1      | Found Ligila's Book Shoppe.
   518 | D:2      | Reached skill level 5 in Axes
   704 | D:2      | Found a faded altar of an unknown god.
   710 | D:2      | Prayed at the altar of an unknown god.
   710 | D:2      | Fell from the grace of Trog
   710 | D:2      | Became a worshipper of Yredelemnul the Dark
   710 | D:2      | Reached * piety under Yredelemnul
   756 | D:3      | Noticed Terence
   756 | D:3      | Noticed a necrophage
   763 | D:3      | Killed Terence
   764 | D:3      | Reached XP level 4. HP: 40/41 MP: 4/4
   769 | D:3      | Killed a necrophage
   770 | D:3      | Reached skill level 6 in Axes
   770 | D:3      | Reached XP level 5. HP: 37/47 MP: 5/5
  1012 | D:4      | Found a snail-covered altar of Cheibriados.
  1074 | D:4      | Noticed Duvessa
  1074 | D:4      | Noticed Dowan
  1079 | D:4      | Killed Dowan
  1079 | D:4      | Killed Duvessa
  1079 | D:4      | Killed by an exploding Duvessa... ignited by their inner
                  | flame

Illustrated notes

Levels and vault maps discovered:
D:1:      lightli_arrival_chessboard, layout_basic, serial_shops, shop
D:2:      layout_basic, dreamdust_ecumenical_altar_angels_and_demons
D:3:      layout_rooms, serial_shops, nicolae_shop_window_shopping,
          uniq_jessica, uniq_terence
D:4:      layout_rooms, slow_altar_2, uniq_duvessa

Skill      XL: |  1  2  3  4 |
---------------+-------------+-----
Fighting       | 4 |  4.9
Axes           | 5 6 |  6.7
Armour         | |  2.7
Dodging        | |  1.9
Stealth        | |  0.7

Action                   |  1- 3 |  4- 6 || total
-------------------------+-------+-------++-------
Melee: Hand axe          |    74 |    36 ||   110
       Punch             |     1 |     1 ||     2
  Use: Scroll            |     1 |     1 ||     2
 Stab: Sleeping          |     1 |       ||     1
Armor: Animal skin       |     4 |       ||     4
       Scale mail        |    30 |    17 ||    47
Dodge: Dodged            |    70 |    23 ||    93

Table legend: (Time is in decaauts)
 A = Elapsed time spent in this place.
 B = Non-inter-level travel time spent in this place.
 C = Inter-level travel time spent in this place.
 D = Time resting spent in this place.
 E = Time spent auto-exploring this place.
 F = Levels seen in this place.
 G = Mean time per level.
                   A        B        C        D        E       F      G
               +--------+--------+--------+--------+--------+-----+--------+
         Total |   1082 |    320 |    762 |      0 |      0 |   4 |  270.5 |
       Dungeon |   1082 |    320 |    762 |      0 |      0 |   4 |  270.5 |
               +--------+--------+--------+--------+--------+-----+--------+

Top non-repeatable levels by time:
     D:2: 405 daAuts
     D:1: 356 daAuts
     D:4: 165 daAuts
     D:3: 155 daAuts
